 Dungeon Crawl Stone Soup version 0.26.0-7-g794d0892b4 (webtiles) character file.

Game seed: 9966046035138318720

227 trckry the Skirmisher (level 5, 0/40 HPs)
             Began as a Demonspawn Wanderer on Jan 10, 2021.
             Was a Follower of Ashenzari.
             Slain by a gnoll
             ... wielding a +0 flail
              (4 damage)
             ... on level 3 of the Dungeon.
             The game lasted 00:04:36 (2424 turns).

trckry the Skirmisher (Demonspawn Wanderer)         Turns: 2424, Time: 00:04:37

Health: 0/40       AC:  9    Str: 15    XL:     5   Next: 70%
Magic:  0/8        EV: 12    Int:  9    God:    Ashenzari [*.....]
Gold:   87         SH:  0    Dex: 11    Spells: 7/8 levels left

rFire    . . .     SeeInvis .   a - +2 short sword
rCold    . . .     Faith    .   (no shield)
rNeg     . . .     Spirit   +   b - +3 scale mail
rPois    .         Reflect  .   (no helmet)
rElec    .         Harm     .   (no cloak)
rCorr    .         Rampage  .   (no gloves)
Will     .....                  (no boots)
Stlth    ..........             (no amulet)
HPRegen  0.13/turn              d - -4 ring of intelligence (curse)
MPRegen  0.11/turn              (no ring)

@: lethally poisoned (0 -> -7)
A: repulsion field 1, magic shield
a: Renounce Religion, Curse Item, Scrying


You were on level 3 of the Dungeon.
You worshipped Ashenzari.
Ashenzari was aware of your devotion.
You visited 1 branch of the dungeon, and saw 3 of its levels.

You collected 87 gold pieces.

Inventory:

Hand Weapons
 a - a +2 short sword (weapon)
 h - a +0 whip
Missiles
 l - 7 silver boomerangs
Armour
 b - a +3 scale mail (worn)
Jewellery
 d - a cursed -4 ring of intelligence (left hand)
Scrolls
 c - 2 scrolls of teleportation
 e - a scroll of fog {unknown}
 f - a scroll of fear {unknown}
 g - 2 scrolls of identify {unknown}
 k - 2 scrolls of remove curse
 m - a scroll of enchant weapon {unknown}
 n - a scroll of amnesia {unknown}
 o - a scroll of enchant armour {unknown}
Potions
 i - a potion of flight {unknown}
 j - a potion of haste {unknown}
 p - a potion of cancellation {unknown}


   Skills:
 + Level 2.8 Fighting
 - Level 1.0 Short Blades
 * Level 2.0 Maces & Flails
 + Level 1.5 Throwing
 + Level 1.6 Armour
 + Level 2.5 Dodging
 - Level 2.0 Spellcasting
 - Level 1.1 Necromancy
 + Level 2.3 Invocations
 + Level 2.8 Evocations


You had 7 spell levels left.
You knew the following spells:

 Your Spells              Type           Power        Failure   Level
a - Beastly Appendage     Tmut           0%           78%         1

Your spell library contained the following spells:

 Spells                   Type           Power        Failure   Level
 Spider Form              Tmut/Pois      0%           98%         3


Dungeon Overview and Level Annotations

Branches:
Dungeon (3/15)

Altars:
Ashenzari


Innate Abilities, Weirdness & Mutations

You are surrounded by a mild repulsion field. (EV +2)
When hurt, damage is shared between your health and your magic reserves.


Message History

You hit the worker ant.
You kill the worker ant!
You feel sick. The gnoll hits you with a +0 flail.
Your Maces & Flails skill increases to level 2!
You hit the gnoll.
The gnoll is lightly wounded.
You feel sick.
You barely miss the gnoll.
The gnoll is lightly wounded.
You feel sick. The gnoll hits you with a +0 flail!
* * * LOW HITPOINT WARNING * * *
You hit the gnoll.
The gnoll is heavily wounded.
* * * LOW HITPOINT WARNING * * *
You feel sick. The gnoll barely misses you.
You hit the gnoll.
The gnoll is severely wounded.
* * * LOW HITPOINT WARNING * * *
You feel sick. The gnoll hits you with a +0 flail.
You die...

..##.......#..........#
..###......#..........#
.....(.###............#
.......# #.#..........#######
.....).#
#.#.....รท..........#
.......# #.....#......<.....#
.......####....#.##.........#
.......#....)..#g############
.......#......##@#
#..........#..##.#
####.......#.....# ##
#...........#.#
.###.......##..#.#
...........##..#.#
...........##..###
.##............###
.##.##...#.#.#.#.#


You could see a gnoll.

Vanquished Creatures
  An ogre (D:2)
  A worker ant (D:3)
  2 gnolls (D:3)
  5 adders
  A worm (D:3)
  3 dart slugs
  4 leopard geckos
  A ball python (D:1)
  2 giant cockroaches (D:2)
  3 goblins
  6 hobgoblins
  A quokka (D:2)
  6 bats
  2 frilled lizards (D:1)
  5 kobolds
  4 rats
47 creatures vanquished.

Vanquished Creatures (others)
  11 plants (D:2)
11 creatures vanquished.

Grand Total: 58 creatures vanquished

Notes
Turn   | Place    | Note
-------+----------+-------------------------------------------
     0 | D:1      | trckry the Demonspawn Wanderer began the quest for the Orb.
     0 | D:1      | trckry set off with the following items: a +2 short sword,
                  | a scroll of teleportation, a +0 robe; and the following
                  | spell memorised: Beastly Appendage; and the following
                  | spells available to memorise: Spider Form
     0 | D:1      | Reached XP level 1. HP: 16/16 MP: 3/3
   181 | D:1      | Gained mutation: You are surrounded by a mild repulsion
                  | field. (EV +2) [demonic ancestry]
   181 | D:1      | Reached XP level 2. HP: 11/22 MP: 5/5
   526 | D:1      | Reached skill level 1 in Invocations
   972 | D:2      | Reached XP level 3. HP: 19/27 MP: 6/6
  1367 | D:2      | Noticed an ogre
  1388 | D:2      | Killed an ogre
  1389 | D:2      | Reached skill level 1 in Maces & Flails
  1389 | D:2      | Reached skill level 1 in Throwing
  1389 | D:2      | Reached skill level 1 in Armour
  1389 | D:2      | Reached XP level 4. HP: 17/34 MP: 7/7
  1880 | D:2      | Found a faded altar of an unknown god.
  1904 | D:2      | Gained mutation: When hurt, damage is shared between your
                  | health and your magic reserves. [demonic ancestry]
  1904 | D:2      | Reached XP level 5. HP: 36/39 MP: 8/8
  1933 | D:2      | Became a worshipper of Ashenzari the Shackled
  1933 | D:2      | Reached * piety under Ashenzari
  2424 | D:3      | HP: 4/40 [poisoned by a worker ant]
  2424 | D:3      | Slain by a gnoll

Illustrated notes

Levels and vault maps discovered:
D:1:      dpeg_arrival_rooms_b, layout_loops_ring
D:2:      layout_loops_corners, chequers_ecumenical_altar_lobes
D:3:      layout_basic, kennysheep_generic_room_11

Skill      XL: |  1  2  3  4  5 |
---------------+----------------+-----
Invocations    | 1 2 |  2.3
Dodging        | 2 |  2.5
Maces & Flails | 1 2 |  2.0
Throwing       | 1 |  1.5
Armour         | 1 |  1.6
Fighting       | |  2.8
Short Blades   | |  1.0
Spellcasting   | |  2.0
Necromancy     | |  1.1
Evocations     | |  2.8

Action                   |  1- 3 |  4- 6 || total
-------------------------+-------+-------++-------
Melee: Short sword       |    77 |   118 ||   195
 Stab: Sleeping          |     1 |       ||     1
Armor: Scale mail        |    32 |    43 ||    75
       Robe              |     1 |       ||     1
Dodge: Dodged            |    53 |    67 ||   120
